 Dungeon Crawl Stone Soup version 0.28.0-53-g5a82cb258f (webtiles) character file.

Game seed: 4643244207152692684

989 buhh the Changer (level 8, -2/55 HPs)
             Began as an Octopode Transmuter on June 20, 2022.
             Was an Initiate of Cheibriados.
             Slain by an ice beast (9 damage)
             ... on level 6 of the Dungeon.
             The game lasted 00:07:42 (7352 turns).

buhh the Changer (Octopode Transmuter)              Turns: 7352, Time: 00:07:42

Health: -2/55      AC:  2    Str: 11    XL:     8   Next: 18%
Magic:  7/11       EV: 19    Int: 18    God:    Cheibriados [......]
Gold:   208        SH:  0    Dex: 18    Spells: 1/11 levels left

rFire   . . .      SeeInvis .     - Unarmed
rCold   . . .      Faith    .   (shield currently unavailable)
rNeg    . . .      Spirit   .   (helmet currently unavailable)
rPois   x          Reflect  .   (no amulet)
rElec   .          Harm     .   (no ring)
rCorr   .          Rampage  .   (no ring)
Will    .....                   (no ring)
Stlth   ++........              (no ring)
HPRegen 0.18/turn               (no ring)
MPRegen 0.12/turn               (no ring)
                                (no ring)
                                (no ring)

@: spider-form, wereblooded, very slow
A: venomous fangs, almost no armour, (amphibious), 8 rings, tiny, (camouflage
1), (gelatinous body 1), (nimble swimmer 1), (tentacles)
a: End Transformation, Renounce Religion


You were on level 6 of the Dungeon.
You worshipped Cheibriados.
Cheibriados was noncommittal.
You were a venomous arachnid creature.
You visited 2 branches of the dungeon, and saw 7 of its levels.

You collected 208 gold pieces.

Inventory:

Missiles
 b - 14 poisoned darts
Magical Staves
 d - a staff of cold
 e - a staff of death
Scrolls
 h - 3 scrolls of fear {!r}
 o - a scroll of noise
 t - a scroll of teleportation {!d}
 F - a scroll of enchant weapon
 Q - 2 scrolls of fog
 Z - 2 scrolls of enchant armour
Potions
 c - a potion of degeneration {unknown}
 i - a potion of cancellation {unknown}
 j - a potion of heal wounds {unknown}
 l - 2 potions of lignification {!d}
 m - a potion of berserk rage {unknown}
 n - a potion of brilliance {unknown}
 p - a potion of haste {unknown}
 L - 2 potions of resistance {!q!d}
 U - a potion of mutation {!d}


   Skills:
 - Level 5.0 Fighting
 - Level 2.0 Dodging
 - Level 1.0 Stealth
 - Level 3.0 Unarmed Combat
 - Level 2.0 Spellcasting
 * Level 7.9 Transmutations


You had one spell level left.
You knew the following spells:

 Your Spells              Type           Power      Damage    Failure   Level
a - Beastly Appendage     Tmut           60%        N/A       4%          1
b - Wereblood             Tmut           30%        N/A       5%          2
c - Spider Form           Tmut/Pois      16%        N/A       26%         3
d - Ice Form              Ice/Tmut       16%        N/A       56%         4

Your spell library contained the following spells:

 Spells                   Type           Power      Damage    Failure   Level
 Foxfire                  Conj/Fire      4%         2x1d4     38%         1
 Conjure Flame            Conj/Fire      1%         6-21      69%         3
 Inner Flame              Hex/Fire       1%         N/A       69%         3
 Tukima's Dance           Hex            1%         N/A       69%         3
 Anguish                  Hex/Necr       0%         N/A       96%         4
 Flame Wave               Conj/Fire      1%         2d4       96%         4
 Enfeeble                 Hex            0%         N/A       100%        7


Dungeon Overview and Level Annotations

Branches:
Dungeon (6/15)             Temple (1/1) D:5

Altars:
Ashenzari
Cheibriados
Elyvilon
Hepliaklqana
Kikubaaqudgha
Nemelex Xobeh
Ru
Sif Muna
Uskayaw
Vehumet
Wu Jian
Yredelemnul
The Shining One

Annotations:
D:2 Sigmund
D:5 Pikel


Innate Abilities, Weirdness & Mutations

You are a venomous arachnid creature.
You have poisonous fangs.
You are tiny and dextrous.
Your spellcasting is less reliable in this form.
Your armour is entirely melded.
You are incapable of wielding weapons or throwing items.
You cannot wear most types of armour.
((You are amphibious.))
You can wear up to eight rings at the same time.
((Your skin changes colour to match your surroundings (Stealth+).))
((Your rubbery body absorbs attacks. (AC +1, EV +1)))
((You are camouflaged when in or above water. (Stealth+)))
((You have tentacles for arms and can constrict up to eight enemies at once.))


Message History

You hit the ice beast.
The ice beast is lightly wounded.
You hit the ice beast.
The ice beast is moderately wounded.
The ice beast hits you. The ice beast freezes you!
You hit the ice beast.
The ice beast is moderately wounded.
The ice beast misses you.
You hit the ice beast but do no damage.
The ice beast is moderately wounded.
The ice beast hits you. The ice beast freezes you!
You completely miss the ice beast.
The ice beast is moderately wounded.
The ice beast barely misses you.
You bite the ice beast!
The ice beast is heavily wounded.
The ice beast hits you. The ice beast freezes you.
You hit the ice beast.
The ice beast is heavily wounded.
The ice beast misses you.
You hit the ice beast but do no damage.
The ice beast is poisoned.
The ice beast is heavily wounded.
The ice beast hits you.
* * * LOW HITPOINT WARNING * * *
The ice beast freezes you!
* * * LOW HITPOINT WARNING * * *
It was a potion of curing.
You feel better.
N - a potion of curing The ice beast hits you.
* * * LOW HITPOINT WARNING * * *
The ice beast freezes you!
* * * LOW HITPOINT WARNING * * *
You barely miss the ice beast.
The ice beast is heavily wounded.
The ice beast hits you but does no damage.
Really quaff
N - a potion of curing {!q!d}?
You feel better. The ice beast hits you.
* * * LOW HITPOINT WARNING * * *
The ice beast freezes you!
You die...

#......##
.#..... ####
...........
#:...#.....
#..........
#..........
#..Y.......
#..s.......
#..........
#...##.......
....##
.#..... ...
....... ..
......) # ...
... #......


You could see an ice beast (very poisoned).

Vanquished Creatures
  A sky beast (D:4)
  2 black bears
  An ice beast (D:5)
  2 ogres (D:5)
  A lemure (D:5)
  A bullfrog (D:4)
  2 scorpions
  A bullfrog skeleton (D:4)
  An orc priest (D:3)
  2 iguanas
  A howler monkey skeleton (D:5)
  6 adders
  A shadow imp (D:4)
  A worm (D:2)
  3 dart slugs
  6 orcs
  9 endoplasms
  2 giant cockroaches (D:1)
  10 goblins
  11 hobgoblins
  4 jackals (D:1)
  12 kobolds
  4 quokkas
  8 ball pythons
  3 bats
  4 frilled lizards
  4 rats
103 creatures vanquished.

Notes
Turn   | Place    | Note
-------+----------+-------------------------------------------
     0 | D:1      | buhh the Octopode Transmuter began the quest for the Orb.
     0 | D:1      | Reached XP level 1. HP: 13/13 MP: 3/3
    89 | D:1      | Reached XP level 2. HP: 16/19 MP: 3/5
   176 | D:1      | Found a faded altar of an unknown god.
   863 | D:1      | Reached XP level 3. HP: 17/25 MP: 6/6
  1696 | D:2      | Noticed Sigmund
  1705 | D:2      | Reached XP level 4. HP: 32/32 MP: 5/7
  2862 | D:3      | Found a hide-covered altar of Uskayaw.
  3181 | D:3      | Reached XP level 5. HP: 30/38 MP: 8/8
  3915 | D:3      | Learned a level 2 spell: Wereblood
  3919 | D:3      | Learned a level 3 spell: Spider Form
  4224 | D:4      | Reached skill level 3 in Transmutations
  4423 | D:4      | Reached XP level 6. HP: 27/45 MP: 7/9
  4707 | D:4      | Reached skill level 4 in Transmutations
  5481 | D:4      | Noticed a black bear
  5495 | D:4      | Killed a black bear
  5496 | D:4      | Reached skill level 5 in Transmutations
  5496 | D:4      | Reached XP level 7. HP: 9/50 MP: 7/10
  6335 | D:5      | Entered Level 5 of the Dungeon
  6346 | D:5      | Reached skill level 6 in Transmutations
  6489 | D:5      | Found a staircase to the Ecumenical Temple.
  6551 | Temple   | Entered the Ecumenical Temple
  6603 | Temple   | Became a worshipper of Cheibriados the Contemplative
  6619 | D:5      | Learned a level 4 spell: Ice Form
  6661 | D:5      | Reached skill level 7 in Transmutations
  6708 | D:5      | Reached XP level 8. HP: 25/55 MP: 9/11
  7140 | D:5      | Noticed a moth of wrath
  7302 | D:5      | Noticed Pikel
  7352 | D:6      | Slain by an ice beast

Illustrated notes

Levels and vault maps discovered:
D:1:      minmay_arrival_up_and_down, layout_rooms, serial_curves,
          eino_curves_04, eino_curves_03,
          hellmonk_ecumenical_altar_heavens_door, chequers_serial_rivers_room_b
D:2:      layout_basic, corexii_hall_statues_s, kennysheep_generic_room_9,
          uniq_sigmund
D:3:      layout_basic, nicolae_uskayaw_dance_hall
D:4:      layout_loops_corners
D:5:      layout_rooms, tgw_trog, tgw_xom, minmay_temple_entry_waves,
          minmay_misc_feat_secret_circle, uniq_pikel
D:6:      layout_rooms, nicolae_dithmenos_shadow_blocks, gup_sewer_entry_glass,
          nicolae_ossuary_entry_plus, minmay_misc_feat_rugged,
          nicolae_zen_rock_garden
Temple:   dshaligram_water_room_temple

Skill      XL: |  1  2  3  4  5  6  7 |
---------------+----------------------+-----
Stealth        | 1 |  1.0
Fighting       | 2 3 4 5 |  5.0
Transmutations | 3 5 7 |  7.9
Dodging        | |  2.0
Unarmed Combat | |  3.0
Spellcasting   | |  2.0

Action                   |  1- 3 |  4- 6 |  7- 9 || total
-------------------------+-------+-------+-------++-------
Melee: Unarmed           |    95 |   110 |    72 ||   277
       Kick              |    26 |    27 |    12 ||    65
       Constrict         |    23 |    29 |     6 ||    58
       Tentacles         |    13 |    24 |     5 ||    42
       Punch             |     1 |     5 |       ||     6
 Cast: Beastly Appendage |    21 |    36 |     8 ||    65
       Spider Form       |       |     1 |     6 ||     7
       Wereblood         |       |       |     1 ||     1
  Use: Scroll            |       |     8 |     3 ||    11
       Potion            |       |       |     2 ||     2
 Stab: Sleeping          |     3 |    13 |     3 ||    19
Armor: Skin              |     5 |     1 |     5 ||    11
Dodge: Dodged            |    64 |    52 |    43 ||   159
